 Dungeon Crawl Stone Soup version 0.20.1-1-g8b1a95d (webtiles) character file.

339450 Jannitor the Ogre Mage (level 22, -2/230 HPs)
             Began as an Ogre Fire Elementalist on Sept 3, 2017.
             Was the Champion of Vehumet.
             Slain by a vault warden
             ... wielding a +6 great sword of flaming
              (27 damage)
             ... on level 4 of the Vaults on Sept 4, 2017.
             The game lasted 03:50:34 (66061 turns).

Jannitor the Ogre Mage (Ogre Fire Elementalist)    Turns: 66061, Time: 03:50:35

Health: -2/230     AC: 14    Str: 17    XL:     22   Next: 30%
Magic:  3/52       EV: 18    Int: 24    God:    Vehumet [******]
Gold:   3210       SH:  0    Dex: 11    Spells: 8/55 levels left

rFire    + + .     SeeInvis .   y - staff of fire
rCold    + . .     Gourm    .   (no shield)
rNeg     + . .     Faith    .   P - +0 acid dragon scales
rPois    .         Spirit   .   M - +1 hat
rElec    .         Reflect  .   W - +0 cloak "Ytaritec" {+Fly}
rCorr    +         Harm     .   (gloves unavailable)
MR       ++...                  (boots unavailable)
Stlth    ++........             D - macabre finger necklace {rN+}
Regen    0.5/turn               Z - ring of protection from cold
MPRegen  0.4/turn               s - +4 ring of evasion
                                x - ring of magical power

@: about to teleport
A: unfitting armour, talons 1, repulsion field 1, iridescent scales 1,
camouflage 1, agile 1, clever 1, fire resistance 1, tough skin 1, weak 1
}: 1/15 runes: barnacled
a: Renounce Religion, Evoke Flight


You were on level 4 of the Vaults.
You worshipped Vehumet.
Vehumet was exalted by your worship.
You were near starving.

You visited 7 branches of the dungeon, and saw 33 of its levels.
You also visited: Labyrinth and Desolation.

You collected 4092 gold pieces.
You spent 882 gold pieces at shops.

Inventory:

Missiles
 p - 87 large rocks
 H - 6 throwing nets (quivered)
Armour
 b - +2 ice dragon scales
 M - a +1 hat (worn)
 P - +0 acid dragon scales (worn)
 V - +0 fire dragon scales
 W - the +0 cloak "Ytaritec" (worn) {+Fly}
   (You found it on level 2 of the Vaults)

   It lets you fly.
Magical Staves
 k - an uncursed staff of energy
 v - an uncursed staff of power
 y - an uncursed staff of fire (weapon)
 Y - an uncursed staff of earth
Jewellery
 s - a +4 ring of evasion (right hand)
 x - a ring of magical power (on amulet)
 D - the macabre finger necklace (around neck) {rN+}
   (You found it on level 6 of the Dungeon)

   [amulet of nothing]

   It protects you from negative energy.
 N - a +1 ring of evasion
 T - the ring "Pexoda" {rCorr rElec}
   (You took it off a wizard on level 2 of the Vaults)

   [ring of resist corrosion]

   It insulates you from electricity.
 Z - a ring of protection from cold (left hand)
Wands
 h - a wand of iceblast (8/15)
 n - a wand of digging (12/24)
 z - a wand of enslavement (10/24)
 K - a wand of clouds (1/9)
Scrolls
 d - 4 scrolls of recharging
 i - 4 scrolls of enchant weapon
 j - 19 scrolls of remove curse
 l - 3 scrolls of teleportation
 q - 4 scrolls of enchant armour
 t - 3 scrolls of fog
 I - a scroll of summoning
 U - 3 scrolls of identify
Potions
 a - 2 potions of might
 e - 2 potions of agility
 g - a potion of flight
 m - 2 potions of resistance
 u - a potion of haste
 C - 2 potions of ambrosia
 E - 3 potions of berserk rage
 G - 4 potions of lignification
 J - a potion of mutation
 R - a potion of curing
 S - 4 potions of brilliance
 X - a potion of magic
Books
 A - a book of the Tempests

   Spells                             Type                      Level
   a - Static Discharge               Conjuration/Air              3
   b - Lightning Bolt                 Conjuration/Air              5
   c - Ignition                       Fire                         8
   d - Tornado                        Air                          9
   e - Shatter                        Earth                        9
 Q - a book of Power

   Spells                             Type                      Level
   a - Iskenderun's Battlesphere      Conjuration/Charms           5
   b - Venom Bolt                     Conjuration/Poison           5
   c - Bolt of Magma                  Conjuration/Fire/Earth       5
   d - Iron Shot                      Conjuration/Earth            6
   e - Orb of Destruction             Conjuration                  7
   f - Spellforged Servitor           Conjuration/Summoning        7
Miscellaneous
 r - a lamp of fire
 w - a crystal ball of energy
 O - a fan of gales
Comestibles
 c - 6 bread rations
 o - 4 meat rations
 B - 27 fruits
 F - 2 royal jellies


   Skills:
 + Level 15.7 Fighting
 - Level 12.0 Staves
 + Level 11.2 Armour
 - Level 6.7 Dodging
 - Level 1.4 Stealth
 + Level 17.1 Spellcasting
 - Level 16.3 Conjurations
 * Level 15.9 Fire Magic
 - Level 7.3 Earth Magic
 + Level 10.1 Evocations


You had 8 spell levels left.
You knew the following spells:

 Your Spells              Type           Power        Failure   Level  Hunger
a - Ignition              Fire           #######...   9%          8    #######
b - Sticky Flame          Conj/Fire      #######.     1%          4    None
c - Fireball              Conj/Fire      #######...   1%          5    None
d - Stone Arrow           Conj/Erth      ######       1%          3    None
e - Bolt of Magma         Conj/Fire/Erth #######...   1%          5    None
f - Iskenderun's Battles  Conj/Chrm      ######..     1%          5    None
g - Blink                 Tloc           N/A          4%          2    None
h - Poison Arrow          Conj/Pois      ######....   4%          6    ####...
i - Fire Storm            Conj/Fire      #######...   56%         9    #######


Dungeon Overview and Level Annotations

Branches:
Dungeon (15/15)            Temple (1/1) D:6            Lair (6/6) D:11
 Shoals (4/4) Lair:3       Spider (1/4) Lair:4        Slime (0/5) Lair:5
    Orc (2/2) D:9             Elf (0/3) Orc:2        Vaults (4/5) D:13
  Crypt (0/3) Vaults:3     Depths (0/5) D:15

Altars:
Ashenzari
Cheibriados
Dithmenos
Elyvilon
Fedhas
Gozag
Hepliaklqana
Kikubaaqudgha
Makhleb
Nemelex Xobeh
Okawaru
Qazlal
Ru
Sif Muna
Trog
Uskayaw
Vehumet
Xom
Yredelemnul
Zin
The Shining One
Beogh

Shops:
Orc:2 =((==   Shoals:1 }   Shoals:2 :}*   Shoals:4 [   Vaults:3 (

Annotations:
D:8 umrok's ghost, novice HOAE
Vaults:4 Sojobo


Innate Abilities, Weirdness & Mutations

You are too large for most types of armour.
You have tough skin. (AC +1)
You have sharp toenails.
You are surrounded by a mild repulsion field. (EV +2)
You are partially covered in iridescent scales. (AC +2)
Your skin changes colour to match your surroundings (Stealth+).
You are agile. (Dex +2)
Your mind is acute. (Int +2)
Your flesh is heat resistant. (rF+)
You are weak. (Str -2)


Message History

The yaktaur captain is covered in liquid flames!
The vault warden burns!
The yaktaur captain burns!
The fire dragon moves out of view.
The vault warden hits you with a great sword of flaming!!!
The vault warden burns you.
* * * LOW HITPOINT WARNING * * *
The yaktaur captain barely misses you.
As you read the scroll of teleportation, it crumbles to dust.
You feel strangely unstable.
The vault warden burns!
The yaktaur captain burns!
The yaktaur captain misses you.
The vault warden hits you with a great sword of flaming!!
* * * LOW HITPOINT WARNING * * *
The vault warden burns you.
* * * LOW HITPOINT WARNING * * *
The vault warden burns!
The yaktaur captain burns!
The yaktaur captain stops burning.
The yaktaur captain wields an arbalest.
The yaktaur captain shoots a bolt.
The bolt hits you!
* * * LOW HITPOINT WARNING * * *
The vault warden hits you with a great sword of flaming!!
You die...

###'## #.......#... ....#
#.......'... ...p#
#########... ' ...# #...
#.. #..# #########...
#...##..# #......['...
#...D...# #.......#...
#.....))########.......#...
########c.@....#.......#)..
#.p).(..#.......#...
#..##..(#....>..#...
#..##..(#.......#...
#....##.+.).....#... #....
#.#(.)....#...
#.......#..)....#...
#########.()....#...
###)#####...


You could see a fire dragon, a vault warden (burning) and a yaktaur captain.

Vanquished Creatures
  Margery (Vaults:2)
  Saint Roka (Vaults:1)
  Nikola (Vaults:2)
  A titan (Vaults:2)
  The ghost of Jannitor the Brawler, an adept TrMo of Xom (Desolation)
  A sphinx (shapeshifter) (Vaults:3)
  A sphinx (Vaults:3)
  2 shadow dragons (Vaults:2)
  A kraken (Shoals:4)
  Kirke (Lair:4)
  4 tengu reavers
  An iron dragon (Vaults:1)
  14 vault wardens
  3 frost giants
  Ilsuiw (Shoals:4)
  4 deep elf sorcerers
  3 fire giants
  An emperor scorpion (shapeshifter) (Vaults:4)
  12 ironheart preservers
  Aizul (Vaults:3)
  A ghoul (Vaults:3)
  A war gargoyle (Vaults:3)
  12 stone giants
  A deep elf demonologist (Vaults:3)
  3 merfolk javelineers (Shoals:4)
  2 ettins
  Snorg (Lair:5)
  3 deep elf death magi
  A crystal guardian (Vaults:4)
  A minotaur (Lab)
  5 fire dragons
  A deep elf high priest (Vaults:1)
  9 yaktaur captains
  9 merfolk impalers
  The ghost of gwathlobal the Covert, a journeyman OpBe of Trog (D:12)
  3 great orbs of eyes
  The ghost of gwathlobal the Cleaver, a journeyman VSBe of Trog (D:14)
  24 vault guards
  The ghost of gwathlobal the Carver, a journeyman MiFi of Nemelex Xobeh (D:11)
  8 ice dragons
  16 hydras
  An alligator snapping turtle (Shoals:4)
  12 centaur warriors
  9 ogre magi
  2 catoblepae
  5 merfolk aquamancers (Shoals:4)
  3 merfolk avatars
  31 two-headed ogres
  2 death knights
  A dancing weapon (Vaults:4)
  4 tengu warriors
  A deep troll earth mage (Vaults:4)
  10 death yaks
  An orc high priest (Orc:1)
  3 hell knights
  A shadow wraith (Vaults:1)
  6 skeletal warriors
  7 deep elf knights
  A fire crab (shapeshifter) (Vaults:2)
  A glowing orange brain (Vaults:4)
  13 sea snakes
  11 unseen horrors
  A lindwurm (shapeshifter) (Vaults:4)
  A death drake (shapeshifter) (Vaults:3)
  12 deep trolls
  4 flayed ghosts
  6 wizards
  7 deep elf archers
  24 ironbrand convokers
  4 necromancers
  30 harpies
  7 wolf spiders
  27 orc knights
  A tengu zombie (Vaults:4)
  14 deep elf magi
  An orb spider (Spider:1)
  11 cyclopes
  An orc sorcerer (Vaults:4)
  A phantasmal warrior (Vaults:2)
  10 manticores
  59 ugly things
  2 human skeletons (Vaults:4)
  3 oklob plants (Lair:1)
  A moth of wrath (Vaults:2)
  A fire giant skeleton (Vaults:4)
  17 vault sentinels
  A guardian serpent (Vaults:1)
  Maurice (D:13)
  4 elephants (Lair:5)
  4 black mambas
  5 merfolk sirens (Shoals:4)
  5 water nymphs
  A gargoyle (D:11)
  12 spiny frogs
  A small abomination (Vaults:3)
  16 rime drakes
  An efreet (D:15)
  10 freezing wraiths
  41 yaktaurs
  11 komodo dragons
  A demonic crawler (Spider:1)
  11 trolls
  6 polar bears
  37 merfolk
  7 jumping spiders
  6 saltlings
  A troll (shapeshifter) (Vaults:2)
  2 meliai (shapeshifter)
  2 tengu simulacra
  2 ettin zombies (Vaults:4)
  9 hornets
  The ghost of Alannah the Chiller, an amateur MfIE (D:4)
  A hippogriff (shapeshifter) (Vaults:2)
  5 wind drakes (Shoals:4)
  A blink frog (shapeshifter) (Vaults:3)
  A sphinx simulacrum (Vaults:2)
  A fire giant simulacrum (Vaults:2)
  8 slime creatures
  A stone giant simulacrum (Vaults:3)
  17 hippogriffs
  11 dream sheep
  26 blink frogs
  8 snapping turtles
  A dream sheep (shapeshifter) (Vaults:2)
  2 shadows (D:14)
  A tarantella (Lair:4)
  A redback (shapeshifter) (Vaults:2)
  10 redbacks
  16 spriggans
  A golden eye (shapeshifter) (Vaults:3)
  6 wyverns
  10 water elementals
  5 wraiths
  6 basilisks
  6 hogs
  55 yaks
  A hungry ghost (D:13)
  12 steam dragons (Lair:4)
  A basilisk (shapeshifter) (Vaults:1)
  13 wargs
  6 vampire mosquitoes
  A yaktaur simulacrum (Vaults:4)
  Edmund (D:4)
  2 acid dragons
  A soldier ant (D:11)
  17 water moccasins
  10 porcupines
  3 ice beasts
  4 phantoms
  5 sky beasts
  An eye of draining (D:14)
  4 black bears
  65 orc warriors
  An ogre (shapeshifter) (Vaults:1)
  30 ogres
  18 boggarts
  30 wolves
  17 centaurs
  25 crocodiles
  3 big kobolds (D:9)
  Blork the orc (D:4)
  20 bullfrogs
  2 wyvern zombies
  6 scorpions
  A water moccasin skeleton (D:10)
  A wight (Vaults:3)
  10 killer bees
  An electric eel (Lair:1)
  3 howler monkeys
  5 crimson imps
  2 centaur zombies
  2 centaur skeletons
  6 hounds
  2 quasits
  15 orc priests
  3 bullfrog skeletons
  11 jellies
  7 iguanas
  24 orc wizards
  13 worker ants
  Ijyb (D:4)
  4 hell rats (Lair:6)
  A hound zombie (D:6)
  A hound skeleton (D:6)
  A worker ant zombie (D:9)
  3 gnolls (D:3)
  7 adders
  5 shadow imps
  6 oozes
  An adder zombie (D:5)
  4 worms
  10 dart slugs
  17 leopard geckos
  134 orcs
  2 ball pythons
  12 bats
  5 giant cockroaches
  6 goblins
  8 hobgoblins
  10 jackals
  25 kobolds
  7 quokkas
  20 frilled lizards
  A kobold (shapeshifter) (Vaults:2)
  A leopard gecko skeleton (D:5)
  A quokka zombie (D:9)
  10 rats
  2 fungi
  9 plants
  A tentacle (Shoals:4)
1648 creatures vanquished.

Vanquished Creatures (collateral kills)
  2 saltlings (Desolation)
2 creatures vanquished.

Vanquished Creatures (others)
  A shadow wraith (Vaults:1)
  A spriggan (Lair:6)
  A warg (Vaults:2)
  A water moccasin (Lair:4)
  An orc (Vaults:3)
  A frilled lizard (Lair:1)
  39 fungi
  34 plants
  7 tentacles (Shoals:4)
86 creatures vanquished.

Grand Total: 1736 creatures vanquished

Notes
Turn   | Place    | Note
-------+----------+-------------------------------------------
     0 | D:1      | Jannitor the Ogre Fire Elementalist began the quest for the Orb.
     0 | D:1      | Reached XP level 1. HP: 16/16 MP: 3/3
   234 | D:1      | Reached skill level 1 in Conjurations
   306 | D:1      | Reached XP level 2. HP: 3/24 MP: 0/5
   778 | D:1      | Reached skill level 1 in Fighting
  1012 | D:1      | Reached XP level 3. HP: 31/33 MP: 2/7
  1246 | D:1      | Reached skill level 3 in Spellcasting
  1926 | D:2      | Reached XP level 4. HP: 42/42 MP: 0/8
  2150 | D:2      | Found a shadowy altar of Dithmenos.
  2262 | D:2      | Found a bloodstained altar of Trog.
  2277 | D:2      | Found an iron altar of Okawaru.
  2626 | D:2      | Found a glowing silver altar of Zin.
  2627 | D:2      | Found an opulent altar of Gozag.
  2819 | D:3      | Reached XP level 5. HP: 36/52 MP: 3/10
  3043 | D:3      | Found a white marble altar of Elyvilon.
  3100 | D:3      | Noticed an ogre
  3110 | D:3      | Killed an ogre
  3110 | D:3      | Reached XP level 6. HP: 62/62 MP: 2/11
  3183 | D:3      | Learned a level 4 spell: Sticky Flame
  3271 | D:3      | Reached skill level 4 in Spellcasting
  3573 | D:3      | Found a radiant altar of Vehumet.
  3599 | D:3      | Became a worshipper of Vehumet
  4139 | D:4      | Noticed Alannah's ghost (amateur MfIE)
  4197 | D:4      | Killed Alannah's ghost
  4197 | D:4      | Reached XP level 7. HP: 24/71 MP: 1/13
  4310 | D:4      | Noticed Ijyb
  4326 | D:4      | Killed Ijyb
  4513 | D:4      | Noticed Edmund
  4538 | D:4      | Killed Edmund
  4538 | D:4      | Reached skill level 5 in Fighting
  4538 | D:4      | Reached skill level 5 in Spellcasting
  4737 | D:4      | Noticed Blork the orc
  4751 | D:4      | Killed Blork the orc
  4851 | D:4      | Reached XP level 8. HP: 81/81 MP: 12/15
  5034 | D:4      | Learned a level 5 spell: Fireball
  5252 | D:5      | Entered Level 5 of the Dungeon
  5305 | D:4      | Reached skill level 5 in Fire Magic
  5922 | D:5      | Noticed a hippogriff
  5930 | D:5      | Killed a hippogriff
  5930 | D:5      | Reached skill level 6 in Spellcasting
  6016 | D:5      | Reached * piety under Vehumet
  6016 | D:5      | Offered knowledge of Freeze by Vehumet.
  6240 | D:6      | Reached skill level 1 in Staves
  6409 | D:6      | Found a staircase to the Ecumenical Temple.
  6414 | D:6      | Reached XP level 9. HP: 93/93 MP: 15/18
  6568 | Temple   | Entered the Ecumenical Temple
  6926 | D:6      | Reached skill level 5 in Conjurations
  7379 | D:6      | Found an ancient bone altar of Kikubaaqudgha.
  7842 | D:7      | Reached skill level 7 in Spellcasting
  8395 | D:8      | Found a hide-covered altar of Uskayaw.
  8399 | D:8      | Noticed umrok's ghost (novice HOAE)
  8401 | D:8      | Noticed a two-headed ogre
  8423 | D:7      | Killed a two-headed ogre
  8423 | D:7      | Reached XP level 10. HP: 25/106 MP: 3/21
  8988 | D:8      | Found a deep blue altar of Sif Muna.
  8988 | D:8      | Found a shattered altar of Ashenzari.
  8988 | D:8      | Found a hide-covered altar of Uskayaw.
  9067 | D:8      | Reached ** piety under Vehumet
  9158 | D:8      | Reached skill level 8 in Spellcasting
  9328 | D:9      | Offered knowledge of Sandblast by Vehumet.
  9401 | D:9      | Found a sparkling altar of Nemelex Xobeh.
  9401 | D:9      | Noticed a centaur warrior
  9421 | D:9      | Killed a centaur warrior
  9516 | D:9      | Reached skill level 5 in Staves
  9826 | D:9      | Found a staircase to the Orcish Mines.
  9827 | D:9      | Offered knowledge of Dazzling Spray by Vehumet.
 10048 | D:9      | Found a burning altar of Makhleb.
 10054 | D:9      | Reached *** piety under Vehumet
 10185 | D:9      | Noticed a two-headed ogre
 10199 | D:9      | Killed a two-headed ogre
 10199 | D:9      | Reached skill level 10 in Fighting
 10199 | D:9      | Reached XP level 11. HP: 117/117 MP: 19/23
 10413 | D:10     | Entered Level 10 of the Dungeon
 10633 | D:10     | Reached skill level 9 in Spellcasting
 10717 | D:10     | Noticed a cyclops
 10750 | D:10     | Killed a cyclops
 10939 | D:10     | Offered knowledge of Stone Arrow by Vehumet.
 10982 | D:9      | Learned a level 3 spell: Stone Arrow
 10982 | D:9      | Gained mutation: Your body sometimes deteriorates upon taking damage. [mutagenic meat]
 10983 | D:9      | Gained mutation: You have sharp toenails. [mutagenic meat]
 10984 | D:9      | Gained mutation: Your skin changes colour to match your surroundings (Stealth+). [mutagenic meat]
 10985 | D:9      | Gained mutation: You are weak. (Str -2) [mutagenic meat]
 10986 | D:9      | Gained mutation: You evolve. [mutagenic meat]
 10987 | D:9      | Gained mutation: You are partially covered in iridescent scales. (AC +2) [mutagenic meat]
 11210 | D:10     | Noticed a deep elf mage
 11218 | D:10     | Killed a deep elf mage
 11607 | D:11     | Noticed gwathlobal's ghost (journeyman MiFi)
 11848 | D:11     | Noticed an unseen horror
 11853 | D:11     | Killed an unseen horror
 11917 | D:11     | Reached **** piety under Vehumet
 12262 | D:11     | Offered knowledge of Throw Icicle by Vehumet.
 12419 | D:11     | Learned a level 5 spell: Bolt of Magma
 12459 | D:11     | Paralysed by a hornet for 3 turns
 12665 | D:11     | Noticed an unseen horror
 12668 | D:11     | Killed an unseen horror
 12668 | D:11     | Reached skill level 1 in Earth Magic
 12823 | D:11     | Noticed an unseen horror
 12826 | D:11     | Killed an unseen horror
 12938 | D:11     | Lost mutation: Your body sometimes deteriorates upon taking damage. [evolution]
 13035 | D:11     | Reached XP level 12. HP: 91/130 MP: 18/25
 13046 | D:12     | Noticed gwathlobal's ghost (journeyman OpBe)
 13346 | D:11     | Found a staircase to the Lair.
 13554 | Lair:1   | Entered Level 1 of the Lair of Beasts
 13651 | Lair:1   | Reached skill level 10 in Spellcasting
 14459 | Lair:1   | Noticed a seven-headed hydra
 14462 | Lair:1   | Killed a seven-headed hydra
 14599 | Lair:1   | Noticed a six-headed hydra
 14604 | Lair:1   | Killed a six-headed hydra
 14799 | Lair:1   | Reached ***** piety under Vehumet
 14805 | Lair:1   | Offered knowledge of Conjure Ball Lightning by Vehumet.
 15399 | Lair:2   | Reached skill level 5 in Dodging
 15666 | Lair:2   | Reached XP level 13. HP: 90/140 MP: 7/27
 15952 | Lair:2   | Gained mutation: You are agile. (Dex +2) [evolution]
 16127 | Lair:2   | Reached skill level 11 in Spellcasting
 16292 | Lair:2   | Offered knowledge of Freezing Cloud by Vehumet.
 16704 | Lair:3   | Learned a level 5 spell: Iskenderun's Battlesphere
 16886 | Lair:3   | Found a staircase to the Shoals.
 17925 | Lair:3   | Reached skill level 5 in Earth Magic
 18513 | Lair:4   | Reached skill level 10 in Conjurations
 18621 | Lair:4   | Found a hole to the Spider Nest.
 18802 | Lair:4   | Reached XP level 14. HP: 125/153 MP: 18/29
 18894 | Lair:4   | Learned a level 2 spell: Blink
 19961 | Lair:4   | Offered knowledge of Bolt of Fire by Vehumet.
 20111 | Lair:4   | Reached skill level 1 in Armour
 20111 | Lair:4   | Reached skill level 12 in Spellcasting
 21371 | Lair:5   | Noticed Snorg
 21515 | Lair:5   | Killed Snorg
 21810 | Lair:5   | Noticed Kirke
 22739 | Lair:5   | Found a staircase to the Slime Pits.
 22983 | Lair:6   | Entered Level 6 of the Lair of Beasts
 23127 | Lair:6   | Lost mutation: You evolve. [end of evolution]
 23264 | Lair:6   | Reached skill level 10 in Staves
 23607 | Lair:6   | Reached XP level 15. HP: 105/163 MP: 10/31
 24021 | Lair:5   | Offered knowledge of Poison Arrow by Vehumet.
 24029 | Lair:5   | Learned a level 6 spell: Poison Arrow
 25042 | Lair:6   | Paralysed by a hornet for 1 turns
 26588 | Lair:4   | Killed Kirke
 26588 | Lair:4   | Reached skill level 13 in Spellcasting
 26830 | Orc:1    | Entered Level 1 of the Orcish Mines
 27035 | D:9      | Offered knowledge of Bolt of Cold by Vehumet.
 28259 | Orc:2    | Entered Level 2 of the Orcish Mines
 28391 | Orc:2    | Found a staircase to the Elven Halls.
 28519 | Orc:2    | Found Xitzaung's Antique Weapon Shop.
 29176 | Orc:2    | Offered knowledge of Freezing Cloud by Vehumet.
 29448 | Orc:2    | Found Anti's Jewellery Emporium.
 29448 | Orc:2    | Found Luuwed's Antique Weapon Shop.
 29462 | Orc:2    | Bought a glowing quarterstaff for 259 gold pieces
 29539 | Orc:2    | Found a roughly hewn altar of Beogh.
 30057 | Orc:2    | Found Mauckaq's Jewellery Emporium.
 30057 | Orc:2    | Found Kuihygos's Jewellery Shop.
 30610 | D:12     | Gained mutation: Your mind is acute. (Int +2) [mutagenic meat]
 30612 | D:12     | Gained mutation: You are surrounded by a mild repulsion field. (EV +2) [mutagenic meat]
 30613 | D:12     | Gained mutation: Your flesh is heat resistant. (rF+) [mutagenic meat]
 30693 | D:12     | Reached XP level 16. HP: 128/174 MP: 26/33
 31091 | D:12     | Killed gwathlobal's ghost
 32097 | D:13     | Noticed Maurice
 32106 | D:13     | Killed Maurice
 32491 | D:13     | Found a gate to the Vaults.
 32519 | D:13     | Offered knowledge of Bolt of Cold by Vehumet.
 33374 | D:14     | Found a labyrinth entrance.
 33396 | Lab      | Entered a labyrinth
 33729 | Lab      | Got a twisted demon trident
 33730 | Lab      | Identified the +5 demon trident of Fedhas's Pride {pierce, rElec Int+4} (You found it in a labyrinth)
 34514 | D:14     | Noticed gwathlobal's ghost (journeyman VSBe)
 34517 | D:14     | Killed gwathlobal's ghost
 35095 | D:15     | Entered Level 15 of the Dungeon
 35744 | D:15     | Reached skill level 15 in Conjurations
 36269 | D:15     | Found a staircase to the Depths.
 36460 | D:11     | Killed gwathlobal's ghost
 36612 | Spider:1 | Entered Level 1 of the Spider Nest
 36734 | Lair:4   | HP: 7/174 [redback (14)]
 37202 | Shoals:1 | Entered Level 1 of the Shoals
 37324 | Shoals:1 | Reached XP level 17. HP: 137/182 MP: 27/34
 37643 | Shoals:1 | Reached skill level 5 in Armour
 37869 | Shoals:1 | Found Vuummuke's Gadget Shoppe.
 38155 | Shoals:2 | Found Futs's Assorted Antiques.
 38161 | Shoals:2 | Bought a scroll labeled PUICZA ALABING for 23 gold pieces
 38347 | Shoals:2 | Found Obideil's Gadget Shop.
 38350 | Shoals:2 | Found Piprour's Book Shop.
 38391 | Shoals:2 | HP: 8/182 [merfolk/poisoned tomahawk (17)]
 38957 | Shoals:2 | Bought a box of beasts for 300 gold pieces
 38957 | Shoals:2 | Bought a box of beasts for 300 gold pieces
 39156 | Shoals:3 | Identified Maqics's Handbook of Enchanting Darkness
 39190 | Shoals:4 | Entered Level 4 of the Shoals
 39582 | Shoals:4 | Found Qawy Von's Armour Shoppe.
 39817 | Shoals:3 | Reached skill level 1 in Evocations
 40165 | Shoals:4 | Reached ****** piety under Vehumet
 40373 | Shoals:3 | HP: 9/182 [poisoned by a merfolk impaler]
 41375 | Shoals:4 | Noticed Ilsuiw
 41400 | Shoals:4 | Killed Ilsuiw
 41549 | Shoals:4 | Offered knowledge of Lehudib's Crystal Spear by Vehumet.
 41549 | Shoals:4 | Offered knowledge of Fire Storm by Vehumet.
 41549 | Shoals:4 | Offered knowledge of Chain Lightning by Vehumet.
 41857 | Shoals:4 | Identified the Handbook of Flamy Ice
 42129 | Shoals:4 | Noticed a kraken
 42144 | Shoals:4 | Killed a kraken
 42620 | Shoals:4 | Identified the +6 scimitar "Biheut" {slice, MR+ Dex+6} (You took it off a merfolk on level 4 of the Shoals)
 43733 | Shoals:4 | Reached XP level 18. HP: 105/192 MP: 32/35
 44390 | Shoals:4 | Got a barnacled rune of Zot
 44779 | Vaults:1 | Entered Level 1 of the Vaults
 44779 | Vaults:1 | Found a ruined gateway.
 44984 | Desolati | Entered the Desolation of Salt
 44995 | Desolati | Noticed Jannitor's ghost (adept TrMo)
 45022 | Desolati | Killed Jannitor's ghost
 45639 | Vaults:1 | Reached skill level 14 in Spellcasting
 45640 | Vaults:1 | Reached skill level 10 in Fire Magic
 47385 | Vaults:1 | Reached skill level 5 in Evocations
 47909 | Vaults:1 | Noticed Saint Roka
 48185 | Vaults:1 | Killed Saint Roka
 48514 | Vaults:1 | Reached XP level 19. HP: 200/200 MP: 37/37
 50383 | Vaults:2 | Reached skill level 15 in Spellcasting
 52407 | Vaults:2 | Reached XP level 20. HP: 209/209 MP: 0/39
 53345 | Vaults:2 | Got a slimy steel ring
 53379 | Vaults:2 | Identified the ring "Pexoda" {rCorr rElec} (You took it off a wizard on level 2 of the Vaults)
 53652 | Vaults:2 | Got a crude marble ring
 53657 | Vaults:2 | Identified the ring of Gustenkecs {*Corrode +Fly rPois rC- Dex+6} (You took it off a vault guard on level 2 of the Vaults)
 53687 | Vaults:2 | Got a twisted cloak
 53698 | Vaults:2 | Identified the +0 cloak "Ytaritec" {+Fly} (You found it on level 2 of the Vaults)
 53700 | Vaults:2 | Identified the Papyrus of Creative Conjuration
 53835 | Vaults:2 | Noticed Margery
 54088 | Vaults:2 | Killed Margery
 54662 | Vaults:2 | Noticed Nikola
 55028 | Vaults:2 | Killed Nikola
 55028 | Vaults:2 | Reached skill level 16 in Spellcasting
 55480 | Vaults:2 | Reached skill level 10 in Armour
 55790 | Vaults:3 | Learned a level 8 spell: Ignition
 56780 | Vaults:3 | Noticed Mara
 56786 | Vaults:3 | Paralysed by a hornet for 2 turns
 56787 | Vaults:3 | Noticed Jannitor's illusion
 56798 | Vaults:2 | Noticed Jannitor's illusion
 57750 | Vaults:3 | Reached XP level 21. HP: 217/217 MP: 34/41
 57930 | Vaults:3 | Noticed Aizul
 58455 | Vaults:2 | Noticed Jannitor's illusion
 58930 | Vaults:2 | Noticed Jannitor's illusion
 58951 | Vaults:1 | Noticed Jannitor's illusion
 60385 | Vaults:3 | Found a staircase to the Crypt.
 60425 | Vaults:3 | Identified a scroll of acquirement
 60427 | Vaults:3 | Got a smoking robe
 60438 | Vaults:3 | Identified the +0 robe of Anarchy {Int+2} (You acquired it on level 3 of the Vaults)
 60518 | Vaults:3 | Found Qapp's Weapon Shoppe.
 61324 | Vaults:2 | Learned a level 9 spell: Fire Storm
 61560 | Vaults:3 | Reached skill level 15 in Fire Magic
 61694 | Vaults:3 | Killed Aizul
 62724 | Vaults:3 | Reached skill level 15 in Fighting
 64217 | Vaults:4 | Noticed Sojobo
 64235 | Vaults:4 | HP: 7/218 [Sojobo/bolt of lightning (29)]
 64241 | Vaults:4 | HP: 7/218 [air elemental[Sojobo] (10)]
 64715 | Vaults:3 | Reached skill level 17 in Spellcasting
 64715 | Vaults:3 | Reached XP level 22. HP: 184/227 MP: 36/43
 65770 | Vaults:4 | Reached skill level 10 in Evocations
 66061 | Vaults:4 | Slain by a vault warden

Skill      XL: |  1  2  3  4  5  6  7  8  9 10 11 12 13 14 15 16 17 18 19 20 21 22 |
---------------+-------------------------------------------------------------------+-----
Conjurations   | 1 2 3 4 6 7 8 9 10 12 15 16 | 16.3
Fighting       | 1 2 3 4 5 7 8 10 11 12 13 14 15 | 15.7
Spellcasting   | 3 4 5 6 7 8 9 10 11 12 13 14 15 16 17 | 17.1
Fire Magic     | 3 4 5 6 7 8 9 11 12 14 15 | 15.9
Staves         | 1 4 5 6 7 8 10 11 12 | 12.0
Dodging        | 3 5 6 |  6.7
Earth Magic    | 1 3 5 7 |  7.3
Armour         | 3 4 6 7 9 10 11 | 11.2
Evocations     | 3 5 7 8 9 10 | 10.1
Stealth        | |  1.4

Action                   |  1- 3 |  4- 6 |  7- 9 | 10-12 | 13-15 | 16-18 | 19-21 | 22-24 || total
-------------------------+-------+-------+-------+-------+-------+-------+-------+-------++-------
Melee: Unarmed           |    17 |       |       |       |    14 |       |       |       ||    31
       Dagger            |     5 |       |       |       |       |       |       |       ||     5
       Whip              |    10 |    50 |    38 |       |     8 |       |       |       ||   106
       Staff             |       |       |    68 |   368 |   719 |   443 |   316 |    25 ||  1939
       Kick              |       |       |       |    52 |   187 |   160 |    88 |    10 ||   497
 Cast: Flame Tongue      |    54 |   110 |   201 |   245 |   145 |    74 |     5 |       ||   834
       Sticky Flame      |       |       |    17 |   108 |   276 |   159 |    92 |    10 ||   662
       Fireball          |       |       |       |    11 |     8 |    39 |    79 |     2 ||   139
       Stone Arrow       |       |       |       |    17 |     4 |    17 |     8 |       ||    46
       Bolt of Magma     |       |       |       |    30 |   192 |   431 |   440 |    50 ||  1143
       Iskenderun's Batt |       |       |       |       |    16 |    11 |     9 |     2 ||    38
       Blink             |       |       |       |       |     4 |     1 |     4 |       ||     9
       Poison Arrow      |       |       |       |       |       |    22 |    90 |    14 ||   126
       Ignition          |       |       |       |       |       |       |     6 |     4 ||    10
Evoke: Wand              |       |       |     2 |       |     8 |       |     3 |       ||    13
       Lamp of fire      |       |       |       |       |       |     2 |     2 |       ||     4
       Box of beasts     |       |       |       |       |       |     9 |       |       ||     9
       Phantom mirror    |       |       |       |       |       |       |     1 |       ||     1
  Use: Scroll            |     2 |     3 |       |    11 |    15 |    21 |     7 |     2 ||    61
       Potion            |       |     4 |     2 |     1 |       |    14 |     4 |       ||    25
 Stab: Sleeping          |       |       |     1 |     2 |     2 |       |       |       ||     5
       Paralysed         |       |       |       |       |     4 |       |       |       ||     4
       Distracted        |       |       |       |       |       |     3 |     1 |       ||     4
  Eat: Chunk             |     3 |     7 |     8 |    37 |    44 |    43 |    27 |     7 ||   176
       Bread ration      |       |       |     1 |     2 |     3 |     5 |     4 |       ||    15
       Royal jelly       |       |       |     1 |       |       |     5 |     4 |       ||    10
       Meat ration       |       |       |       |       |     6 |     5 |     5 |       ||    16
Armor: Robe              |    19 |    23 |    48 |   110 |    15 |       |       |       ||   215
       Steam dragon scal |       |       |       |       |   211 |    18 |       |       ||   229
       Acid dragon scale |       |       |       |       |       |   152 |   156 |     5 ||   313
       Ice dragon scales |       |       |       |       |       |       |     1 |       ||     1
Dodge: Dodged            |    39 |    47 |   159 |   467 |   847 |   612 |   426 |    28 ||  2625
